 Dungeon Crawl Stone Soup version 0.30-a0-586-g23e55c9e0a (webtiles) character file.

Game seed: 13679899795874863696

234 wormed the Ducker (level 6, -3/70 HPs)
             Began as a Gnoll Wanderer on Jan 4, 2023.
             Succumbed to a scorpion's poison
             ... on level 4 of the Dungeon.
             The game lasted 00:03:43 (2708 turns).

wormed the Ducker (Gnoll Wanderer)                  Turns: 2708, Time: 00:03:44

Health: -3/70      AC: 23    Str: 13    XL:     6   Next: 5%
Magic:  9/11       EV:  2    Int: 14    God:
Gold:   192        SH:  0    Dex: 13    Spells: 10/11 levels left

rFire   . . .      SeeInvis .    p - +7 short sword of Sunlight {flame, rCorr Str+4}
rCold   . . .      Faith    .    (no shield)
rNeg    . . .      Spirit   .    (body armour currently unavailable)
rPois   +          Reflect  .    (helmet currently unavailable)
rElec   .          Harm     .    (cloak currently unavailable)
rCorr   +          Rampage  .    (gloves currently unavailable)
Will    .....      NoTele   +    (boots currently unavailable)
Stlth   ++                       (no amulet)
HPRegen 0.31/turn                (no ring)
MPRegen 0.12/turn                (no ring)

@: lethally poisoned (-3 -> -21), tree-form
A: stationary, stasis, torment immunity, boosted hp, (fangs 1), strong nose,
distributed training
a: no special abilities


You were on level 4 of the Dungeon.
You were a tree.
You visited 1 branch of the dungeon, and saw 4 of its levels.

You collected 192 gold pieces.

Inventory:

Hand Weapons
 a - a +2 quarterstaff
 p - the +7 short sword of Sunlight (weapon) {flame, rCorr Str+4}
   (You found it on level 2 of the Dungeon)

   It burns those it strikes, dealing additional fire damage.
   Str:       It affects your strength (+4).
   rCorr:     It protects you from acid and corrosion.
Missiles
 o - 4 javelins
Armour
 d - a +0 robe (melded)
 f - a +1 helmet (melded)
 k - a +0 pair of gloves (melded)
Magical Staves
 e - a staff of conjuration
Jewellery
 q - a ring of fire
Scrolls
 g - a scroll of fog
 h - a scroll of magic mapping
 i - a scroll of blinking
 n - a scroll of teleportation
Potions
 b - a potion of mutation
 c - 2 potions of lignification
 j - a potion of might {unknown}
 m - 3 potions of curing {unknown}
 r - a potion of flight {unknown}
 s - a potion of magic {unknown}
 t - a potion of resistance {unknown}


   Skills:
 + Level 3.2 Fighting
 + Level 1.8 Short Blades
 + Level 1.8 Long Blades
 + Level 1.8 Axes
 + Level 1.8 Maces & Flails
 + Level 1.8 Polearms
 + Level 6.8 Staves
 + Level 1.8 Ranged Weapons
 + Level 1.8 Throwing
 + Level 1.8 Armour
 + Level 6.8 Dodging
 + Level 3.0 Stealth
 + Level 1.8 Shields
 + Level 1.8 Unarmed Combat
 + Level 3.3 Spellcasting
 + Level 1.4 Conjurations
 + Level 1.4 Hexes
 + Level 1.4 Summonings
 + Level 1.4 Necromancy
 + Level 1.4 Translocations
 + Level 1.4 Transmutations
 + Level 1.4 Fire Magic
 + Level 2.6 Ice Magic
 + Level 1.4 Air Magic
 + Level 1.4 Earth Magic
 + Level 1.4 Poison Magic
 + Level 2.0 Invocations
 + Level 1.8 Evocations


You had 10 spell levels left.
You knew the following spells:

 Your Spells              Type           Power      Damage    Failure   Level
a - Freeze                Ice            36%        1d5       7%          1

Your spell library contained the following spells:

 Spells                   Type           Power      Damage    Failure   Level
 Magic Dart               Conj           24%        1d4       12%         1
 Sting                    Tmut/Pois      24%        1d4       12%         1
 Summon Small Mammal      Summ           24%        N/A       12%         1
 Poisonous Vapours        Pois/Air       12%        N/A       17%         2
 Searing Ray              Conj           12%        2d4       17%         2
 Frozen Ramparts          Ice            18%        1d3       22%         3
 Call Canine Familiar     Summ           6%         N/A       34%         3
 Summon Guardian Golem    Hex/Summ       6%         N/A       34%         3
 Airstrike                Air            3%         2d(1-17)  75%         4
 Fulminant Prism          Conj/Hex       3%         3d5       75%         4
 Olgreb's Toxic Radiance  Pois           6%         N/A       75%         4
 Petrify                  Tmut/Erth      6%         N/A       75%         4
 Summon Lightning Spire   Summ/Air       6%         N/A       75%         4
 Metabolic Englaciation   Hex/Ice        4%         N/A       94%         5
 Lightning Bolt           Conj/Air       3%         1d14      97%         5
 Statue Form              Tmut/Erth      4%         N/A       100%        6


Dungeon Overview and Level Annotations

Branches:
Dungeon (4/15)
 Temple: D:4-7

Altars:
Hepliaklqana
The Shining One

Shops:
D:1 [


Innate Abilities, Weirdness & Mutations

You are a tree.
Your roots penetrate the ground, keeping you stationary.
You cannot be teleported.
You are immune to unholy pain and torment.
Your maximum health is greatly increased.
Your equipment is partially melded.
((You have very sharp teeth.))
Your uncanny sense of smell can sniff out nearby items.
Your experience applies equally to all skills.


Message History

You feel sick.
The scorpion stings you but does no damage.
You hit the scorpion. You burn the scorpion.
The scorpion is severely wounded.
You feel sick. The scorpion stings you.
You barely miss the scorpion.
The scorpion is severely wounded.
You feel sick. The scorpion barely misses you.
You hit the scorpion. You burn the scorpion.
The scorpion is almost dead.
You feel sick. The scorpion stings you. x2
You are lethally poisoned!
The scorpion poisons you!
You are too injured to fight recklessly!
You barely miss the scorpion.
The scorpion is almost dead.
You feel very sick. The scorpion stings you.
* * * LOW HITPOINT WARNING * * *
Sorry, you're not good enough to have a special ability.
You barely miss the scorpion.
You bite the scorpion, but do no damage.
The scorpion is almost dead.
* * * LOW HITPOINT WARNING * * *
You feel very sick. The scorpion stings you.
* * * LOW HITPOINT WARNING * * *
You are more poisoned.
The scorpion poisons you!
You puncture the scorpion! You burn the scorpion.
You kill the scorpion!
* * * LOW HITPOINT WARNING * * *
You feel very sick.
Your Stealth skill increases to level 3!
Your Invocations skill increases to level 2!
You have reached level 6!
You turn into a tree.
Your +1 helmet melds into your body.
Your +0 pair of gloves melds into your body.
Your +0 robe melds into your body.
Your roots penetrate the ground.
You die...

#.# ##!#
## #... .
#..# .#
#..##.###.
#.<.......
#.....###.
#.....###.
#.♣.......
#.....###.
#.........
##.#######
#.# #.#
... #.#


There were no monsters in sight!

Vanquished Creatures
  A scorpion (D:4)
  2 hounds (D:3)
  Terence (D:3)
  A gnoll (D:3)
  3 adders
  A worm (D:2)
  2 dart slugs (D:1)
  2 endoplasms (D:2)
  5 goblins
  10 hobgoblins
  4 jackals (D:2)
  3 quokkas
  A ball python (D:1)
  5 bats
  A frilled lizard (D:1)
  8 kobolds
  5 rats
55 creatures vanquished.

Notes
Turn   | Place    | Note
-------+----------+-------------------------------------------
     0 | D:1      | wormed the Gnoll Wanderer began the quest for the Orb.
     0 | D:1      | wormed set off with the following items: a +2 quarterstaff,
                  | a +0 helmet, a potion of lignification, a +0 robe; and the
                  | following spell memorised: Freeze; and the following spells
                  | available to memorise: Frozen Ramparts.
     0 | D:1      | Reached XP level 1. HP: 17/17 MP: 4/4
   323 | D:1      | Reached XP level 2. HP: 22/23 MP: 5/5
   682 | D:1      | Reached XP level 3. HP: 28/28 MP: 7/7
   696 | D:1      | Found Zeloasust's Armour Shoppe.
  1008 | D:2      | Identified the +7 short sword of Sunlight {flame, rCorr
                  | Str+4}
  1197 | D:2      | Reached skill level 1 in Invocations
  1236 | D:2      | Reached skill level 1 in Short Blades
  1236 | D:2      | Reached skill level 1 in Long Blades
  1236 | D:2      | Reached skill level 1 in Axes
  1236 | D:2      | Reached skill level 1 in Maces & Flails
  1236 | D:2      | Reached skill level 1 in Polearms
  1236 | D:2      | Reached skill level 1 in Ranged Weapons
  1236 | D:2      | Reached skill level 1 in Throwing
  1236 | D:2      | Reached skill level 1 in Armour
  1236 | D:2      | Reached skill level 1 in Shields
  1236 | D:2      | Reached skill level 1 in Unarmed Combat
  1236 | D:2      | Reached skill level 1 in Evocations
  1349 | D:2      | Reached XP level 4. HP: 28/34 MP: 8/8
  1869 | D:3      | Noticed Terence
  1876 | D:3      | Killed Terence
  1877 | D:3      | Reached skill level 1 in Conjurations
  1877 | D:3      | Reached skill level 1 in Hexes
  1877 | D:3      | Reached skill level 1 in Summonings
  1877 | D:3      | Reached skill level 1 in Necromancy
  1877 | D:3      | Reached skill level 1 in Translocations
  1877 | D:3      | Reached skill level 1 in Transmutations
  1877 | D:3      | Reached skill level 1 in Fire Magic
  1877 | D:3      | Reached skill level 1 in Air Magic
  1877 | D:3      | Reached skill level 1 in Earth Magic
  1877 | D:3      | Reached skill level 1 in Poison Magic
  2108 | D:3      | Found a faded altar of an unknown god.
  2231 | D:3      | Found a hazy altar of Hepliaklqana.
  2311 | D:3      | Reached XP level 5. HP: 41/41 MP: 9/9
  2518 | D:3      | Found a glowing golden altar of the Shining One.
  2707 | D:4      | HP: 1/41 [poisoned by a scorpion]
  2708 | D:4      | Reached XP level 6. HP: 1/47 MP: 9/11
  2708 | D:4      | Succumbed to a scorpion's poison

Illustrated notes

Levels and vault maps discovered:
D:1:      lightli_arrival_chessboard, layout_loops_corners, serial_shops,
          nicolae_shop_temple_entry_statues_fountains, chequers_avenue,
          minmay_tromino_v4_c
D:2:      layout_basic
D:3:      layout_loops_ring, nicolae_overflow_crystal_walls,
          mainiacjoe_overflow_concentric_impassable,
          shapermc_ecumenical_altar_pompeii, cheibrodos_gnoll_hut, uniq_terence
D:4:      layout_loops_corners

Skill      XL: |  1  2  3  4  5 |
---------------+----------------+-----
Ice Magic      | 2 |  2.6
Invocations    | 1 2 |  2.0
Short Blades   | 1 |  1.8
Long Blades    | 1 |  1.8
Axes           | 1 |  1.8
Maces & Flails | 1 |  1.8
Polearms       | 1 |  1.8
Ranged Weapons | 1 |  1.8
Throwing       | 1 |  1.8
Armour         | 1 |  1.8
Shields        | 1 |  1.8
Unarmed Combat | 1 |  1.8
Evocations     | 1 |  1.8
Spellcasting   | 3 |  3.3
Conjurations   | 1 |  1.4
Hexes          | 1 |  1.4
Summonings     | 1 |  1.4
Necromancy     | 1 |  1.4
Translocations | 1 |  1.4
Transmutations | 1 |  1.4
Fire Magic     | 1 |  1.4
Air Magic      | 1 |  1.4
Earth Magic    | 1 |  1.4
Poison Magic   | 1 |  1.4
Fighting       | 3 |  3.2
Stealth        | 3 |  3.0
Staves         | |  6.8
Dodging        | |  6.8

Action                   |  1- 3 |  4- 6 || total
-------------------------+-------+-------++-------
Melee: Quarterstaff      |    52 |       ||    52
       Bite              |     7 |     3 ||    10
       Short sword       |    39 |    38 ||    77
       Punch             |     1 |       ||     1
  Use: Scroll            |       |    10 ||    10
       Potion            |       |     1 ||     1
 Stab: Sleeping          |     5 |     2 ||     7
       Distracted        |     1 |     1 ||     2
Armor: Robe              |    21 |     6 ||    27
Dodge: Dodged            |    53 |    13 ||    66

Table legend: (Time is in decaauts)
 A = Elapsed time spent in this place.
 B = Non-inter-level travel time spent in this place.
 C = Inter-level travel time spent in this place.
 D = Time resting spent in this place.
 E = Time spent auto-exploring this place.
 F = Levels seen in this place.
 G = Mean time per level.
                   A        B        C        D        E       F      G
               +--------+--------+--------+--------+--------+-----+--------+
         Total |   2700 |   2625 |     75 |    334 |   1887 |   4 |  675.0 |
       Dungeon |   2700 |   2625 |     75 |    334 |   1887 |   4 |  675.0 |
               +--------+--------+--------+--------+--------+-----+--------+

Top non-repeatable levels by time:
     D:1: 1003 daAuts
     D:2: 860 daAuts
     D:3: 824 daAuts
     D:4: 11 daAuts
